 Dungeon Crawl Stone Soup version 0.30.0 (webtiles) character file.

Game seed: 11014574343917495742

141094 adizb the Crack Shot (level 16, -1/92 HPs)
             Began as a Deep Elf Hunter on May 6, 2023.
             Was an Elder of Fedhas.
             Slain by a shock serpent (12 damage)
             ... on level 4 of the Snake Pit on May 7, 2023.
             The game lasted 03:25:39 (22397 turns).

adizb the Crack Shot (Deep Elf Hunter)             Turns: 22397, Time: 03:25:40

Health: -1/92      AC: 17    Str:  8    XL:     16   Next: 77%
Magic:  27/34      EV: 28    Int: 19    God:    Fedhas [****..]
Gold:   899        SH:  0    Dex: 28    Spells: 2/39 levels left

rFire   . . .        O - +3 triple crossbow (heavy)
rCold   + . .        (shield currently unavailable)
rNeg    + . .        j - +3 troll leather armour
rPois   +            e - +1 helmet
rElec   .            w - +1 cloak {Stlth+}
rCorr   +            U - +2 pair of gloves {hurl}
SInv    +            J - +0 pair of boots of Dogmatism {Fly rPois rF- rC+}
Will    ++...        Y - amulet "Joxeuc" {Regen+ rCorr Dex+3}
Stlth   +++++        X - ring "Ymeom" {rN+ EV+5 Dex+3}
HPRegen 1.95/turn    y - ring of willpower
MPRegen 0.24/turn

%: no passive effects
@: flying, constricted, studying Hexes, invisible
A: see invisible, fire resistance 1, sense surroundings 1, screaming 1
a: Renounce Religion, Wall of Briars, Grow Ballistomycete, Overgrow


You were on level 4 of the Snake Pit.
You worshipped Fedhas.
Fedhas was greatly pleased with you.
You visited 5 branches of the dungeon, and saw 27 of its levels.
You also visited: Bailey, Gauntlet and Ice Cave.

You collected 3002 gold pieces.
You spent 2103 gold pieces at shops.

Inventory:

Hand Weapons
 K - a +1 arbalest
 O - a +3 heavy triple crossbow (weapon)
 P - the +6 sling "Vedghim" {elec, +Blink rC++ Str-2}
   (You found it on level 3 of the Lair of Beasts)

   Str:       It affects your strength (-2).
   rC:        It greatly protects you from cold.
   +Blink:    It lets you blink.
Missiles
 n - a throwing net
Armour
 c - +0 ice dragon scales
 e - a +1 helmet (worn)
 j - a +3 troll leather armour (worn)
 o - the +3 salamander hide armour {Flames, rFlCloud rF++ rC--}
   (You found it on level 3 of the Snake Pit)

   Flames:    It surrounds you with flame clouds and enhances your fire magic.
   rFlCloud:  It grants immunity to flame clouds.
   rF:        It greatly protects you from fire.
   rC:        It makes you very vulnerable to cold.
 w - a +1 cloak of stealth (worn)
 A - the +3 scale mail of Vitas {rPois rC+}
   (You found it in a bailey)

   rC:        It protects you from cold.
   rPois:     It protects you from poison.
 J - the +0 pair of boots of Dogmatism (worn) {Fly rPois rF- rC+}
   (You found it on level 2 of the Lair of Beasts)

   rF:        It makes you vulnerable to fire.
   rC:        It protects you from cold.
   rPois:     It protects you from poison.
   Fly:       It grants you flight.
 U - a +2 pair of gloves of hurling (worn)
 V - a +1 helmet of see invisible
Jewellery
 d - a ring of wizardry
 y - a ring of willpower (right hand)
 C - a +6 ring of intelligence
 F - an amulet of the acrobat
 G - a ring of protection from cold
 W - an amulet of reflection
 X - the ring "Ymeom" (left hand) {rN+ EV+5 Dex+3}
   (You took it off a minotaur in a Gauntlet)

   [ring of evasion]

   EV:        It affects your evasion (+5).
   Dex:       It affects your dexterity (+3).
   rN:        It protects you from negative energy.
 Y - the amulet "Joxeuc" (around neck) {Regen+ rCorr Dex+3}
   (You bought it in a shop on level 2 of the Orcish Mines)

   [amulet of regeneration]

   Dex:       It affects your dexterity (+3).
   Regen:     It increases your rate of health regeneration.
   rCorr:     It protects you from acid and corrosion.
Wands
 s - a wand of iceblast (32)
 D - a wand of paralysis (25)
 E - a wand of digging (2)
 I - a wand of mindburst (8)
Scrolls
 l - 3 scrolls of fear
 q - 2 scrolls of blinking
 r - 6 scrolls of identify
 v - a scroll of fog
 x - a scroll of magic mapping
 B - 11 scrolls of teleportation
 Q - 2 scrolls of poison
 S - a scroll of summoning
 T - 2 scrolls of amnesia
Potions
 b - 3 potions of brilliance
 f - 5 potions of flight
 h - 3 potions of ambrosia
 i - 3 potions of mutation
 m - 5 potions of attraction
 p - 4 potions of lignification
 t - 3 potions of haste
 u - a potion of resistance
 z - 4 potions of might
 H - 2 potions of invisibility
 L - 9 potions of curing
 M - a potion of berserk rage
 Z - a potion of heal wounds
Miscellaneous
 a - a lightning rod (4/4)
 g - a phial of floods
 k - a phantom mirror (inert)
 N - a box of beasts (inert)


   Skills:
 - Level 7.2 Fighting
 * Level 21.2 Ranged Weapons
 - Level 6.6 Armour
 + Level 14.8 Dodging
 - Level 5.7 Stealth
 - Level 12.4 Spellcasting
 + Level 13.6 Hexes
 + Level 12.3 Summonings
 - Level 1.0 Ice Magic
 - Level 1.0 Air Magic
 - Level 11.8 Invocations
 - Level 5.4 Evocations


You had 2 spell levels left.
You knew the following spells:

 Your Spells              Type           Power      Damage    Failure   Level
a - Summon Hydra          Summ           28%        N/A       38%         7
b - Summon Lightning Spi  Summ/Air       37%        N/A       4%          4
c - Ensorcelled Hibernat  Hex/Ice        78%        N/A       1%          2
d - Cause Fear            Hex            29%        N/A       1%          4
e - Dragon's Call         Summ           28%        N/A       100%        9
f - Summon Mana Viper     Hex/Summ       57%        N/A       1%          5
g - Portal Projectile     Hex/Tloc       74%        N/A       1%          3
h - Inner Flame           Hex/Fire       37%        N/A       1%          3

Your spell library contained the following spells:

 Spells                   Type           Power      Damage    Failure   Level
 Summon Small Mammal      Summ           100%       N/A       1%          1
 Kiss of Death            Conj/Necr      44%        2d8       8%          1
 Static Discharge         Conj/Air       26%        2-4/arc   10%         2
 Cigotuvi's Dreadful Rot  Necr/Pois/Air  26%        N/A       11%         2
 Sublimation of Blood     Necr           11%        N/A       12%         2
 Wereblood                Tmut           11%        N/A       12%         2
 Call Canine Familiar     Summ           56%        N/A       1%          3
 Confusing Touch          Hex            59%        N/A       1%          3
 Summon Guardian Golem    Hex/Summ       57%        N/A       1%          3
 Tukima's Dance           Hex            59%        N/A       1%          3
 Animate Armour           Summ/Erth      70%        N/A       6%          4
 Metabolic Englaciation   Hex/Ice        19%        N/A       11%         5
 Yara's Violent Unravell  Hex/Tmut       18%        3d9       14%         5
 Hailstorm                Conj/Ice       13%        3d5       19%         3
 Stone Arrow              Conj/Erth      22%        3d8       24%         3
 Enfeeble                 Hex            29%        N/A       26%         7
 Airstrike                Air            7%         2d(2-18)  45%         4
 Ice Form                 Ice/Tmut       13%        N/A       54%         4
 Animate Dead             Necr           11%        N/A       61%         4
 Dispel Undead            Necr           11%        3d9       61%         4
 Flame Wave               Conj/Fire      11%        2d6       61%         4
 Passage of Golubria      Tloc           11%        N/A       61%         4
 Petrify                  Tmut/Erth      11%        N/A       61%         4
 Sticky Flame             Conj/Fire      11%        2d3       61%         4
 Arcjolt                  Conj/Air       6%         1d16      87%         5
 Blade Hands              Tmut           5%         N/A       91%         5
 Irradiate                Conj/Tmut      5%         3d13      91%         5
 Haunt                    Necr/Summ      17%        N/A       99%         7
 Spellforged Servitor     Conj/Summ      17%        N/A       99%         7
 Death Channel            Necr           5%         N/A       100%        6
 Dragon Form              Tmut           5%         N/A       100%        7
 Orb of Destruction       Conj           5%         9d5       100%        7
 Infestation              Necr           5%         N/A       100%        8
 Lehudib's Crystal Spear  Conj/Erth      5%         10d3      100%        8
 Maxwell's Capacitive Co  Air            7%         ∞         100%        8
 Shatter                  Erth           5%         3d8*      100%        9


Dungeon Overview and Level Annotations

Branches:
Dungeon (15/15)            Temple (1/1) D:7            Lair (5/5) D:8
  Swamp (0/4) Lair:3        Snake (4/4) Lair:2        Slime (0/5) Lair:5
    Orc (2/2) D:9             Elf (0/3) Orc:2        Vaults (0/5) D:13
 Depths (0/4) D:15         Bailey (visited)           IceCv (visited)
Gauntlet (visited)

Altars:
Ashenzari
Cheibriados
Dithmenos
Elyvilon
Fedhas
Gozag
Hepliaklqana
Kikubaaqudgha
Makhleb
Okawaru
Qazlal
Ru
Sif Muna
Trog
Uskayaw
Vehumet
Wu Jian
Xom
Yredelemnul
Zin
The Shining One
Jiyva

Shops:
D:13 ?   Orc:2 =!(!   Snake:2 :

Portals:
Abyss: Snake:4
Pandemonium: Orc:2

Annotations:
Snake:4 1 transporter, SeerSkye's ghost, adept HOBe


Innate Abilities, Weirdness & Mutations

You have supernaturally acute eyesight. (SInv)
Your flesh is heat resistant. (rF+)
You passively map a small area around you.
You occasionally shout uncontrollably at your foes.


Message History

The shock serpent bites your ballistomycete.
The shock serpent shocks your ballistomycete!
You shoot a bolt. The bolt misses the shock serpent.
Fedhas protects your plant from harm.
The black mamba is struck by your briar patch's thorns.
The black mamba bites your briar patch but does no damage.
The shock serpent bites your ballistomycete!
The shock serpent shocks your ballistomycete!
Your ballistomycete is destroyed!
Your ballistomycete disappears in a puff of smoke!
The black mamba bites your briar patch!
The shock serpent shoots out a bolt of lightning at you!
The bolt of electricity misses you. The black mamba bites your briar patch!
Cornered, the guardian serpent turns to fight!
The shock serpent closely misses you.
The guardian serpent coils itself and waves its upper body at you.
The naga warrior blinks into view!
The black mamba blinks!
You shoot a bolt. The bolt misses the black mamba.
The anaconda hisses angrily.
The black mamba bites you but does no damage.
The shock serpent bites you! The shock serpent shocks you!
The shock serpent bites you!
* * * LOW HITPOINT WARNING * * *
The shock serpent shocks you!
* * * LOW HITPOINT WARNING * * *
The guardian serpent hits your juvenile fireweird beast but does no damage.
Your juvenile fireweird beast hits the guardian serpent!
The black mamba bites you but does no damage.
The shock serpent completely misses you.
The naga warrior closely misses you. The naga warrior grabs you.
The naga warrior constricts you.
The shock serpent bites you but does no damage.
Your juvenile fireweird beast hits the guardian serpent.
The black mamba completely misses you.
A guardian serpent comes into view.
The shock serpent bites you.
* * * LOW HITPOINT WARNING * * *
The shock serpent shocks you!
You die...
Fedhas appreciates your contribution to the ecosystem. , #A#......'.~~~~ + ##...PPP'N≈~≈≈~ , , #....S§.'.~≈†~ ', .....#SNN#..... , , , , ... ##S##* SN.

* , , . ,#S### **# , #.S§## ### ~
, #HSSN#####.# * .#+ ,
#..@S......# ,, ... *
#.#####....## .. * #.#...###...#
#####.## #.+.....#...##, ...#
..## ##.##...'#....## * ...###..
##...#####......####,
#####..+####..................##
####............###............##
#.^............## ##......)).....


You could see 2 naga warriors, 3 shock serpents, a mana viper, 3 guardian
serpents, a black mamba (unable to see you) and a friendly juvenile fireweird
beast (summoned).

Vanquished Creatures
  Jorgrun (Snake:2)
  Rupert (Orc:2)
  2 nagarajas
  Louise (D:14)
  Aizul (Snake:1)
  A very ugly thing (IceCv)
  The ghost of Philosiphyzer the Grappler, a journeyman TrMo of Wu Jian (Orc:1)
  Fannar (Lair:1)
  An ogre mage (D:10)
  2 salamander tyrants (Snake:3)
  A vault guard (D:13)
  2 demonspawn (Orc:2)
  3 hydras
  2 ice dragons (D:15)
  A catoblepas (Gauntlet)
  10 anacondas
  13 death yaks
  4 centaur warriors
  A tengu warrior (D:14)
  7 naga warriors
  4 boulder beetles
  A two-headed ogre (D:9)
  6 orc high priests (Orc:2)
  A sun demon (Orc:2)
  4 shock serpents
  A naga sharpshooter (Snake:2)
  A skeletal warrior (D:8)
  2 skysharks (Lair:5)
  3 salamander mystics
  A sea snake (Snake:4)
  A bog body (Lair:3)
  6 orc knights
  4 deep elf pyromancers
  9 orc sorcerers
  3 naga ritualists
  5 manticores
  5 mana vipers
  2 cyclopes
  9 salamanders
  10 ugly things
  7 naga magi
  17 black mambas
  Maurice (D:9)
  4 guardian serpents
  3 elephants (Lair:5)
  A molten gargoyle (Gauntlet)
  An ice statue (Lair:3)
  13 cane toads
  A torpor snail (Lair:1)
  A cane toad (shapeshifter) (D:14)
  3 kobold demonologists (D:12)
  3 gargoyles
  4 komodo dragons
  3 unseen horrors
  2 rime drakes
  An anaconda simulacrum (IceCv)
  A freezing wraith (D:14)
  4 tengu conjurers
  A red devil (Orc:2)
  3 trolls
  3 meliai (D:13)
  A meliai (shapeshifter) (D:8)
  9 polar bears
  A tyrant leech (Gauntlet)
  6 hornets
  17 blink frogs
  A dream sheep (Lair:5)
  2 centaur simulacra
  8 spriggans (Lair:5)
  A dire elephant simulacrum (IceCv)
  5 wraiths
  4 vampires
  8 wyverns
  64 yaks
  2 fire elementals (Lair:2)
  3 basilisks
  Grum (D:8)
  A vampire mosquito (D:8)
  A neqoxec (Orc:2)
  A steam dragon (D:7)
  2 wargs (Orc:2)
  18 nagas
  2 acid dragons
  2 swamp worms (Gauntlet)
  8 water moccasins
  A hell hound (Lair:2)
  2 floating eyes (Orc:1)
  8 ice beasts
  4 black bears
  28 orc warriors
  2 sky beasts
  4 alligator simulacra (IceCv)
  4 boggarts (Lair:5)
  3 ogres
  18 wolves
  8 centaurs
  A phantom (D:6)
  A kobold brigand (D:7)
  10 bullfrogs
  A gnoll sergeant (D:11)
  4 scorpions
  4 wights (D:9)
  4 killer bees (D:9)
  3 electric eels
  2 howler monkeys
  7 vampire bats (Bailey)
  8 wolf zombies (Bailey)
  Crazy Yiuf (D:6)
  4 hounds
  26 orc priests
  4 iguanas (D:5)
  A sleepcap (D:7)
  19 orc wizards
  7 gnolls
  5 adders
  4 white imps
  An ufetubus (D:5)
  2 worms
  2 dart slugs
  74 orcs
  6 bats
  6 endoplasms
  2 giant cockroaches
  11 goblins
  9 hobgoblins
  5 quokkas
  6 ball pythons
  3 frilled lizards
  11 kobolds
  17 orc zombies (Bailey)
  8 rats
  5 ballistomycete spores
745 creatures vanquished.

Vanquished Creatures (collateral kills)
  A minotaur (Gauntlet)
  Harold (D:10)
  2 naga warriors
  A centaur warrior (D:14)
  3 death yaks
  2 shock serpents
  A naga ritualist (Snake:2)
  2 orc sorcerers (Orc:1)
  A mana viper (Snake:4)
  A naga mage (Snake:2)
  A gargoyle (Bailey)
  4 black mambas
  A komodo dragon (Lair:5)
  A golden dragon simulacrum (IceCv)
  A tengu conjurer (D:14)
  A troll (D:8)
  2 polar bears (Lair:5)
  2 hornets
  A yak (Lair:1)
  3 spriggans (Lair:5)
  A wyvern (Lair:3)
  A harpy simulacrum (IceCv)
  3 nagas
  A water moccasin (Lair:5)
  An orc warrior (D:9)
  A wolf (Lair:5)
  A boggart (Lair:5)
  A killer bee (D:9)
  6 orcs
  74 ballistomycete spores
122 creatures vanquished.

Vanquished Creatures (others)
  2 oklob plants (Lair:5)
  A basilisk (Lair:3)
  2 orcs (D:7)
  4 ballistomycete spores
  A bush (Lair:5)
  25 fungi
  40 plants
75 creatures vanquished.

Grand Total: 942 creatures vanquished

Notes
Turn   | Place    | Note
-------+----------+-------------------------------------------
     0 | D:1      | adizb the Deep Elf Hunter began the quest for the Orb.
     0 | D:1      | Reached XP level 1. HP: 12/12 MP: 3/3
   109 | D:1      | Reached XP level 2. HP: 17/17 MP: 4/4
   493 | D:1      | Reached skill level 6 in Ranged Weapons
   686 | D:2      | Reached XP level 3. HP: 21/21 MP: 5/5
  1102 | D:2      | Identified the +0 scale mail of the True Pharaoh {Str+2
                  | Int+2 SInv}
  1182 | D:2      | You fall into a shaft and drop 1 floor!
  1336 | D:2      | Reached XP level 4. HP: 27/27 MP: 6/6
  1649 | D:3      | Reached skill level 7 in Ranged Weapons
  1872 | D:3      | Reached XP level 5. HP: 28/31 MP: 7/7
  2266 | D:4      | Got the Secrets of Felsic Cryomancy
  2558 | D:5      | Entered Level 5 of the Dungeon
  2568 | D:5      | Reached skill level 1 in Armour
  2738 | D:5      | Reached skill level 8 in Ranged Weapons
  3013 | D:5      | Reached XP level 6. HP: 37/37 MP: 8/8
  3188 | D:6      | Noticed a sky beast
  3221 | D:6      | Reached skill level 9 in Ranged Weapons
  3221 | D:6      | Reached XP level 7. HP: 33/41 MP: 9/9
  3259 | D:6      | Gained mutation: You passively map a small area around you.
                  | [potion of mutation]
  3259 | D:6      | Gained mutation: Your flesh is heat resistant. (rF+)
                  | [potion of mutation]
  3259 | D:6      | Gained mutation: You have supernaturally acute eyesight.
                  | (SInv) [potion of mutation]
  4092 | D:6      | Reached skill level 10 in Ranged Weapons
  4152 | D:6      | Reached XP level 8. HP: 48/48 MP: 10/10
  4333 | D:6      | Found a runed translucent door.
  4334 | D:6      | Noticed Crazy Yiuf
  4343 | D:6      | Killed Crazy Yiuf
  4505 | D:7      | Reached skill level 11 in Ranged Weapons
  4740 | D:7      | Identified the ring of Mysticism {Ice Will- Dex+5}
  4876 | D:7      | Found a staircase to the Ecumenical Temple.
  4881 | Temple   | Entered the Ecumenical Temple
  4902 | Temple   | Became a worshipper of Fedhas Madash
  5041 | D:7      | Reached skill level 5 in Fighting
  5041 | D:7      | Reached skill level 1 in Invocations
  5052 | D:7      | Noticed a hornet
  5056 | D:7      | Paralysed by a hornet for 3 turns
  5064 | D:7      | Killed a hornet
  5065 | D:7      | Reached skill level 12 in Ranged Weapons
  5065 | D:7      | Reached XP level 9. HP: 12/54 MP: 6/12
  5543 | D:8      | Noticed Grum
  5570 | D:7      | Reached skill level 1 in Spellcasting
  5840 | D:8      | Found a flagged portal.
  5907 | D:8      | Reached * piety under Fedhas
  5996 | D:8      | Found a staircase to the Lair.
  6043 | D:8      | Reached skill level 5 in Armour
  6063 | Bailey   | Entered a bailey
  6290 | Bailey   | Reached ** piety under Fedhas
  6309 | Bailey   | Reached XP level 10. HP: 57/60 MP: 14/17
  6314 | Bailey   | Noticed a gargoyle
  6320 | Bailey   | Killed a gargoyle
  6321 | Bailey   | Reached skill level 13 in Ranged Weapons
  6321 | Bailey   | Reached skill level 1 in Summonings
  6485 | Bailey   | Identified the +3 scale mail of Vitas {rPois rC+}
  6607 | D:8      | Reached skill level 5 in Dodging
  6656 | D:8      | Reached skill level 5 in Invocations
  6729 | D:8      | Noticed a skeletal warrior
  6729 | D:8      | Noticed a manticore
  6801 | D:8      | Found an opulent altar of Gozag.
  6809 | D:8      | Found a bloodstained altar of Trog.
  6861 | D:8      | Killed Grum
  6981 | D:8      | Found a shadowy altar of Dithmenos.
  6981 | D:8      | Found an ornate altar of the Wu Jian Council.
  6981 | D:8      | Found an iron altar of Okawaru.
  6987 | D:8      | Found a basalt altar of Yredelemnul.
  6989 | D:8      | Found a hide-covered altar of Uskayaw.
  6990 | D:8      | Found a glowing golden altar of the Shining One.
  6993 | D:8      | Found an ancient bone altar of Kikubaaqudgha.
  6996 | D:8      | Found a shimmering blue altar of Sif Muna.
  6997 | D:8      | Found a stormy altar of Qazlal.
  7124 | Lair:1   | Entered Level 1 of the Lair of Beasts
  7140 | Lair:1   | Noticed a cane toad
  7153 | Lair:1   | Killed a cane toad
  7270 | Lair:1   | Noticed a black mamba
  7287 | Lair:1   | Killed a black mamba
  7635 | D:9      | Noticed Maurice
  7897 | D:9      | Killed Maurice
  8199 | D:9      | Reached skill level 14 in Ranged Weapons
  8199 | D:9      | Reached XP level 11. HP: 59/64 MP: 14/18
  8441 | D:9      | Noticed a two-headed ogre
  8461 | D:9      | Killed a two-headed ogre
  8678 | D:9      | Reached *** piety under Fedhas
  8755 | D:9      | Found a staircase to the Orcish Mines.
  9073 | Lair:1   | Reached skill level 5 in Spellcasting
  9194 | Lair:1   | Learned a level 7 spell: Summon Hydra
  9339 | Lair:1   | Noticed Fannar
  9351 | Lair:1   | Killed Fannar
  9617 | Lair:1   | Reached skill level 15 in Ranged Weapons
  9930 | Lair:2   | Identified the +0 pair of boots of Dogmatism {Fly rPois rF-
                  | rC+}
 10040 | Lair:2   | Reached XP level 12. HP: 70/70 MP: 21/24
 10076 | Lair:2   | Reached skill level 5 in Summonings
 10098 | Lair:2   | Found a transporter.
 10201 | Lair:2   | Learned a level 4 spell: Summon Lightning Spire
 10214 | Lair:2   | Found a transporter.
 10279 | Lair:2   | Noticed a four-headed hydra
 10284 | Lair:2   | Noticed a death yak
 10293 | Lair:2   | Killed a four-headed hydra
 10308 | Lair:2   | Noticed a death yak
 10315 | Lair:2   | Noticed a death yak
 10316 | Lair:2   | Noticed a death yak
 10330 | Lair:2   | Noticed a death yak
 10351 | Lair:2   | Noticed a death yak
 10374 | Lair:2   | Killed a death yak
 10403 | Lair:2   | Killed a death yak
 10405 | Lair:2   | Killed a death yak
 10421 | Lair:2   | Killed a death yak
 10424 | Lair:2   | Killed a death yak
 10447 | Lair:2   | Killed a death yak
 10596 | Lair:2   | Found a staircase to the Snake Pit.
 10752 | Lair:3   | Found a staircase to the Swamp.
 10762 | Lair:3   | Reached skill level 10 in Dodging
 10857 | Lair:3   | Reached **** piety under Fedhas
 10874 | Lair:3   | You are sucked into a shaft and drop 2 floors!
 10874 | Lair:5   | Entered Level 5 of the Lair of Beasts
 10982 | Lair:5   | Learned a level 2 spell: Ensorcelled Hibernation
 11005 | Lair:5   | Reached skill level 16 in Ranged Weapons
 11014 | Lair:5   | Reached skill level 1 in Hexes
 11014 | Lair:5   | Found a viscous altar of Jiyva.
 11015 | Lair:5   | Found a staircase to the Slime Pits.
 11018 | Lair:5   | Noticed a death yak
 11025 | Lair:5   | Noticed a death yak
 11032 | Lair:5   | Noticed a death yak
 11032 | Lair:5   | Noticed a death yak
 11035 | Lair:5   | Noticed a death yak
 11039 | Lair:5   | Noticed a death yak
 11043 | Lair:5   | Killed a death yak
 11121 | Lair:4   | Noticed a death yak
 11121 | Lair:4   | Noticed a death yak
 11121 | Lair:4   | Noticed a death yak
 11121 | Lair:4   | Noticed a death yak
 11147 | Lair:4   | Killed a death yak
 11161 | Lair:4   | Killed a death yak
 11168 | Lair:4   | Killed a death yak
 11169 | Lair:4   | Reached XP level 13. HP: 58/74 MP: 7/28
 11446 | Lair:3   | Reached skill level 10 in Invocations
 11503 | Lair:3   | Identified the +6 sling "Vedghim" {elec, +Blink rC++ Str-2}
 11819 | Lair:4   | Identified a scroll of acquirement
 11820 | Lair:4   | Acquired a book of the Dragon
 11827 | Lair:4   | Learned a level 4 spell: Cause Fear
 11837 | Lair:4   | Learned a level 9 spell: Dragon's Call
 11989 | Lair:4   | Reached skill level 5 in Hexes
 12136 | Lair:4   | Identified the +5 quarterstaff of Koepp {protect, Will-
                  | Int+3}
 12277 | Lair:5   | Reached skill level 10 in Spellcasting
 12339 | Lair:5   | Reached skill level 1 in Evocations
 12791 | Lair:5   | Reached ***** piety under Fedhas
 12847 | Lair:5   | Reached XP level 14. HP: 78/80 MP: 14/30
 12972 | Lair:5   | Reached skill level 17 in Ranged Weapons
 13099 | Lair:5   | Found the +4 consecrated labrys {holy, Valiant Fragile Fly
                  | SInv}
 13424 | Orc:1    | Entered Level 1 of the Orcish Mines
 13641 | Orc:1    | Paralysed by a floating eye for 3 turns
 13750 | Orc:2    | Entered Level 2 of the Orcish Mines
 13901 | Orc:2    | Found a staircase to the Elven Halls.
 13970 | Orc:2    | Noticed Rupert
 13982 | Orc:2    | Killed Rupert
 13983 | Orc:2    | Reached skill level 5 in Evocations
 13986 | Orc:2    | Found a gate leading to a gauntlet.
 14019 | Gauntlet | Entered a Gauntlet
 14019 | Gauntlet | Found a transporter.
 14028 | Gauntlet | Found a transporter.
 14045 | Gauntlet | Found a transporter.
 14049 | Gauntlet | Found a transporter.
 14060 | Gauntlet | Found a transporter.
 14081 | Gauntlet | Found a transporter.
 14094 | Gauntlet | Found a transporter.
 14098 | Gauntlet | Found a transporter.
 14098 | Gauntlet | Noticed a quicksilver ooze
 14102 | Gauntlet | Found a transporter.
 14112 | Gauntlet | Found a transporter.
 14112 | Gauntlet | Found a transporter.
 14173 | Gauntlet | Found a transporter.
 14246 | Gauntlet | Reached skill level 10 in Hexes
 14403 | Gauntlet | Identified the ring "Ymeom" {rN+ EV+5 Dex+3}
 14463 | Gauntlet | Identified the +2 plate armour of the Other World {+Blink
                  | rN+++ Int-3 Stlth+}
 14476 | Gauntlet | Got the Parchment of the Fairies
 14698 | Orc:2    | Found Vast's Distillery.
 14706 | Orc:2    | Found Gefiv's Distillery.
 14859 | Orc:2    | Gained mutation: You occasionally shout uncontrollably at
                  | your foes. [a neqoxec]
 14936 | Orc:2    | Reached skill level 1 in Ice Magic
 15124 | Orc:2    | Found Fuczoplu's Jewellery Boutique.
 15124 | Orc:2    | Found Rirgh's Antique Weapon Shop.
 15125 | Orc:2    | Found a one-way gate leading to the halls of Pandemonium.
 15145 | Orc:2    | Bought a runed shortbow for 144 gold pieces
 15147 | Orc:2    | Bought the amulet "Joxeuc" {Regen+ rCorr Dex+3} for 537
                  | gold pieces
 15176 | Orc:2    | Bought a potion of heal wounds for 65 gold pieces
 15176 | Orc:2    | Bought a potion of heal wounds for 65 gold pieces
 15176 | Orc:2    | Bought a potion of curing for 39 gold pieces
 15178 | Orc:2    | Bought a potion of curing for 45 gold pieces
 15178 | Orc:2    | Bought a potion of curing for 45 gold pieces
 15178 | Orc:2    | Bought a potion of heal wounds for 75 gold pieces
 15178 | Orc:2    | Bought a potion of curing for 45 gold pieces
 15460 | Orc:1    | Reached skill level 5 in Stealth
 15614 | Orc:1    | Found a runed translucent door.
 15615 | Orc:1    | Noticed Philosiphyzer's ghost (journeyman TrMo)
 15657 | Orc:1    | Killed Philosiphyzer's ghost
 15899 | D:8      | Reached XP level 15. HP: 83/86 MP: 32/32
 15901 | D:8      | Identified the +4 war axe "Buuraik" {venom, *Corrode Int+5}
 16005 | D:10     | Entered Level 10 of the Dungeon
 16213 | D:10     | Got the Anthology of the Wyrd and Fog
 16225 | D:10     | Learned a level 5 spell: Summon Mana Viper
 16229 | D:10     | Learned a level 3 spell: Portal Projectile
 16233 | D:10     | Learned a level 3 spell: Inner Flame
 16671 | D:10     | Noticed Harold
 16690 | D:10     | Killed Harold
 17030 | D:11     | Found an ornate altar of the Wu Jian Council.
 17157 | D:12     | Identified the +2 leather armour of Weshrosah {Harm Will+
                  | rCorr}
 18248 | D:13     | Found Iqohab's Magic Scroll Shop.
 18289 | D:13     | Bought a scroll of blinking for 105 gold pieces
 18289 | D:13     | Bought a scroll of magic mapping for 105 gold pieces
 18289 | D:13     | Bought a scroll of acquirement for 728 gold pieces
 18289 | D:13     | Bought a scroll of blinking for 105 gold pieces
 18290 | D:13     | Acquired a +0 heavy triple crossbow
 18500 | D:13     | Found a gate to the Vaults.
 18940 | D:14     | Noticed Louise
 18943 | D:14     | Killed Louise
 18944 | D:14     | Reached skill level 18 in Ranged Weapons
 18944 | D:14     | Reached skill level 10 in Summonings
 19380 | D:15     | Entered Level 15 of the Dungeon
 19520 | D:15     | Found a glowing golden altar of the Shining One.
 19784 | D:15     | Reached skill level 1 in Air Magic
 20083 | D:15     | Found a staircase to the Depths.
 20276 | Snake:1  | Entered Level 1 of the Snake Pit
 20472 | Snake:1  | Noticed Aizul
 20498 | Snake:1  | Killed Aizul
 20517 | Snake:1  | Reached skill level 19 in Ranged Weapons
 20593 | Snake:1  | You are sucked into a shaft and drop 1 floor!
 20624 | Snake:2  | Identified the +0 robe of Voracious Amelioration {Harm rC-
                  | Will+}
 20642 | Snake:2  | Noticed Jorgrun
 20650 | Snake:2  | Killed Jorgrun
 20651 | Snake:2  | Reached XP level 16. HP: 92/92 MP: 32/34
 20756 | Snake:2  | Found Ogefas's Book Boutique.
 21071 | Snake:3  | Reached skill level 20 in Ranged Weapons
 21382 | Snake:3  | Found a frozen archway.
 21397 | IceCv    | Entered an ice cave
 21409 | IceCv    | Found a transporter.
 21457 | IceCv    | Found a transporter.
 21458 | IceCv    | Identified the +7 chain mail "Vaicveps" {Will+ Regen+
                  | Int-5}
 21720 | Snake:3  | Found the +3 salamander hide armour {Flames, rFlCloud rF++
                  | rC--}
 21770 | Snake:4  | Entered Level 4 of the Snake Pit
 21954 | Snake:4  | Found a transporter.
 21959 | Snake:4  | Noticed SeerSkye's ghost (adept HOBe)
 21963 | Snake:4  | Found a one-way gate to the infinite horrors of the Abyss.
 22003 | Snake:4  | Reached skill level 21 in Ranged Weapons
 22397 | Snake:4  | Slain by a shock serpent

Illustrated notes

Levels and vault maps discovered:
D:1:      lightli_arrival_chessboard, layout_basic
D:2:      layout_loops_corners
D:3:      layout_loops_ring
D:4:      layout_basic, mainiacjoe_overflow_alcove_4
D:5:      layout_basic
D:6:      layout_loops_cross, uniq_crazy_yiuf_cottage
D:7:      layout_loops_corners, temple_doors_e, grunt_ministairs_2
D:8:      minmay_the_grid_octo_triangle [minmay_the_grid_octo_77,
          minmay_the_grid_octo_prize_single_spiral,
          minmay_the_grid_octo_checkerflower], layout_basic,
          nicolae_overflow_hallway_of_the_gods, amethyst_overflow_temple_binary,
          enter_bailey_5, serial_corexii_hall, chequers_hall_statues_wall_a,
          chequers_hall_statues_y, chequers_hall_statues_corner_a,
          corexii_hall_statues_l, corner_web_ring, uniq_grum
D:9:      layout_roguey, hiddenorc1_lemuel, serial_rivers,
          chequers_serial_rivers_large_b, chequers_serial_rivers_room_b,
          chequers_serial_rivers_room_b, chequers_serial_rivers_micro_c,
          uniq_maurice
D:10:     layout_basic, nicolae_zen_rock_garden, kennysheep_nub, minmay_radiant,
          uniq_harold
D:11:     layout_rooms, nicolae_wu_jian_immortal_techniques
D:12:     layout_small_grid
D:13:     layout_small_grid, david_vaults_5, serial_shops, shop
D:14:     layout_grid_maze, minmay_misc_feat_nine_boxes, uniq_louise
D:15:     grunt_enter_depths_hoard, layout_small_grid, grunt_decor_junction,
          nicolae_tso_carved_into_rock
Temple:   hellmonk_temple_rainy
Lair:1:   layout_long_grid, uniq_fannar
Lair:2:   gammafunk_cloud_chamber, layout_loops_ring, dummy_snake_entry,
          nicolae_lair_grazing_beasts [nicolae_sub_lair_graze_edge,
          nicolae_sub_lair_graze_edge, nicolae_sub_lair_graze_edge,
          nicolae_sub_lair_graze_edge], lemuel_fruit_tree
Lair:3:   layout_chaotic_city, skrybe_swamp_entry_bodies,
          chequers_serial_rivers_small_b, ice2_lemuel, infiniplex_staircase_pool
Lair:4:   layout_small_grid, chequers_serial_rivers_micro_e, minivault_11,
          beast_lair_carwin_7, infiniplex_staircase_pool_2, uniq_urug
Lair:5:   minmay_lair_end_enchanted_forest, layout_regular_city,
          minmay_slime_entry_oklob_open, amcnicky_mini_pool_medium
Snake:1:  layout_rooms, st_stairs_8, uniq_aizul
Snake:2:  layout_onion, serial_shops, nicolae_lakefront_shop, uniq_jorgrun
Snake:3:  layout_rooms, portal_ice_cave_entry_pillars_four,
          hellmonk_guarded_unrand_salamander
Snake:4:  grunt_snake_rune_pools, layout_cave_town,
          gammafunk_ghost_abyssal_escape, nicolae_snake_gridmaze_waves,
          uniq_vashnia
Orc:1:    hellmonk_paralyzer, layout_caves, gammafunk_ghost_grave
Orc:2:    pf_orc_diabolical, layout_diamond_mine, gauntlet_entry_generic,
          uniq_rupert

Skill      XL: |  1  2  3  4  5  6  7  8  9 10 11 12 13 14 15 16 |
---------------+-------------------------------------------------+-----
Fighting       | 2 3 4 5 6 7 |  7.2
Ranged Weapons | 6 7 8 9 10 12 14 15 16 17 19 21 | 21.2
Armour         | 1 2 3 4 5 6 |  6.6
Invocations    | 1 4 6 8 9 10 11 | 11.8
Spellcasting   | 3 6 9 10 11 12 | 12.4
Dodging        | 4 6 8 10 11 12 13 14 | 14.8
Stealth        | 2 3 5 |  5.7
Summonings     | 1 4 7 8 9 11 12 | 12.3
Hexes          | 3 8 12 13 | 13.6
Evocations     | 3 5 |  5.4
Ice Magic      | 1 |  1.0
Air Magic      | 1 |  1.0

Action                     |  1- 3 |  4- 6 |  7- 9 | 10-12 | 13-15 | 16-18 || total
---------------------------+-------+-------+-------+-------+-------+-------++-------
   Fire: Shortbow          |    88 |   122 |   411 |   945 |    64 |       ||  1630
         Sling             |       |       |       |       |   946 |       ||   946
         Arbalest          |       |       |       |       |   197 |    21 ||   218
         Triple crossbow   |       |       |       |       |   134 |   167 ||   301
  Throw: Throwing net      |       |       |       |       |     1 |       ||     1
   Cast: Summon Lightning  |       |       |       |     1 |     7 |     5 ||    13
         Cause Fear        |       |       |       |       |    23 |    16 ||    39
         Portal Projectile |       |       |       |       |    12 |     4 ||    16
         Summon Mana Viper |       |       |       |       |     9 |    10 ||    19
         Ensorcelled Hiber |       |       |       |       |     1 |     1 ||     2
 Invoke: Wall of Briars    |       |       |       |    15 |    28 |    11 ||    54
         Grow Ballistomyce |       |       |       |     4 |     9 |     4 ||    17
         Overgrow          |       |       |       |       |     1 |       ||     1
  Evoke: Wand              |       |       |     3 |       |     3 |       ||     6
         Box of beasts     |       |       |       |     1 |     1 |     1 ||     3
         Lightning rod     |       |       |       |       |     2 |     2 ||     4
         Phantom mirror    |       |       |       |       |     2 |     1 ||     3
    Use: Scroll            |     1 |     6 |     6 |     7 |    12 |     5 ||    37
         Potion            |       |       |     9 |     1 |     6 |     7 ||    23
 Armour: Leather armour    |     9 |     1 |       |       |       |       ||    10
         Scale mail        |     1 |       |       |   104 |       |       ||   105
         Robe              |       |     8 |    95 |     1 |       |       ||   104
         Skin              |       |       |     2 |       |       |       ||     2
         Troll leather arm |       |       |       |    53 |   104 |    30 ||   187
  Dodge: Dodged            |    17 |    22 |   193 |   331 |   583 |   298 ||  1444
  Block: Other             |       |       |       |       |    10 |       ||    10
